 Dungeon Crawl Stone Soup version 0.24.0-13-gcf9b3192b9 (console) character file.

Game seed: 1615113485879573481, levelgen mode: deterministic

8201 AlterAsc the Martial Artist (level 11, -2/58 HPs)
             Began as a Vine Stalker Transmuter on Nov 9, 2019.
             Was a Follower of Ashenzari.
             Slain by an unseen horror (4 damage)
             ... on level 11 of the Dungeon on Nov 10, 2019.
             The game lasted 00:32:48 (8856 turns).

AlterAsc the Martial Artist (VSTm)                  Turns: 8856, Time: 00:32:49

Health: -2/58      AC:  8    Str: 15    XL:     11   Next: 27%
Magic:  0/21       EV: 12    Int: 13    God:    Ashenzari [*.....]
Gold:   565        SH:  0    Dex: 19    Spells: 14/22 levels left

rFire    . . .     SeeInvis .     - Unarmed
rCold    . . .     Gourm    .   (no shield)
rNeg     . . .     Faith    .   K - +0 leather armour
rPois    .         Spirit   +   F - +0 helmet of Paarchot {rElec Dex+3} (curse)
rElec    +         Reflect  .   x - scarf {repulsion}
rCorr    .         Harm     .   c - +0 pair of gloves
MR       +....                  s - +2 pair of boots (curse)
Stlth    +.........             (no amulet)
HPRegen  0.59/turn              E - +1 ring of slaying
MPRegen  0.17/turn              (no ring)

@: very slightly contaminated, repel missiles
A: fangs 3, regeneration 1, magic shield, antimagic bite, no potion heal 3, rot
immunity
a: Curse Item, Scrying, Renounce Religion


You were on level 11 of the Dungeon.
You worshipped Ashenzari.
Ashenzari was aware of your devotion.
You were hungry.

You visited 2 branches of the dungeon, and saw 12 of its levels.
You also visited: Ossuary and Bailey.

You collected 565 gold pieces.

Inventory:

Missiles
 a - 162 arrows
 e - 30 poisoned darts (quivered)
Armour
 b - a +0 robe
 c - a +0 pair of gloves (worn)
 l - a +0 helmet
 q - a +0 leather armour
 s - a cursed +2 pair of boots (worn)
 x - a scarf of repulsion (worn)
 B - a +0 pair of gloves
 F - the cursed +0 helmet of Paarchot (worn) {rElec Dex+3}
   (You found it on level 9 of the Dungeon)

   It affects your dexterity (+3).
   It insulates you from electricity.
   It has a curse placed upon it.
 K - a +0 leather armour (worn)
Magical Staves
 G - an uncursed staff of fire
Jewellery
 E - a +1 ring of slaying (left hand)
 I - an uncursed ring of ice
Wands
 r - a wand of iceblast (7)
 L - a wand of paralysis (10)
 P - a wand of clouds (4)
Scrolls
 f - 2 scrolls of torment
 j - 5 scrolls of fear
 k - 4 scrolls of remove curse
 m - 6 scrolls of teleportation
 o - 2 scrolls of noise
 y - a scroll of enchant weapon
 z - a scroll of immolation
 C - a scroll of vulnerability
 N - a scroll of magic mapping {unknown}
Potions
 g - a potion of heal wounds {unknown}
 h - 9 potions of curing
 i - 2 potions of haste {unknown}
 n - a potion of cancellation {unknown}
 t - a potion of invisibility {unknown}
 u - 3 potions of lignification {unknown}
 v - 4 potions of might {unknown}
 w - a potion of resistance {unknown}
 A - 3 potions of agility {unknown}
 D - a potion of flight {unknown}
 H - 2 potions of mutation {unknown}
 J - a potion of berserk rage {unknown}
 M - a potion of brilliance {unknown}
Comestibles
 d - 17 rations
 O - 2 chunks of flesh


   Skills:
 + Level 7.1 Fighting
 - Level 1.7 Dodging
 * Level 11.3 Unarmed Combat
 - Level 6.0 Spellcasting
 - Level 9.0 Transmutations
 + Level 1.9 Evocations


You had 14 spell levels left.
You knew the following spells:

 Your Spells              Type           Power        Failure   Level  Hunger
a - Beastly Appendage     Tmut           ####..       1%          1    None
b - Sticks to Snakes      Tmut           ####....     1%          2    ##.....
c - Blade Hands           Tmut           ####......   14%         5    ######.

Your spell library contained the following spells:

 Spells                   Type           Power        Failure   Level  Hunger
 Spider Form              Tmut/Pois      ###.......   10%         3    ###....
 Freeze                   Ice            #...         21%         1    None
 Magic Dart               Conj           #...         21%         1    None
 Summon Small Mammal      Summ           #...         21%         1    None
 Call Imp                 Summ           #.......     30%         2    ##.....
 Searing Ray              Conj           #.....       30%         2    ##.....
 Throw Frost              Conj/Ice       #.....       30%         2    ##.....
 Ice Form                 Ice/Tmut       ###.....     32%         4    ####...
 Call Canine Familiar     Summ           #.......     52%         3    ###....
 Dazzling Spray           Conj/Hex       #.....       52%         3    ###....
 Ozocubu's Armour         Chrm/Ice       #.......     52%         3    ###....
 Summon Guardian Golem    Hex/Summ       #.......     52%         3    ###....
 Force Lance              Conj/Tloc      #.......     90%         4    ####...
 Fulminant Prism          Conj/Hex       #.........   90%         4    ####...
 Iskenderun's Mystic Bla  Conj           #.......     90%         4    ####...
 Summon Ice Beast         Ice/Summ       #.......     90%         4    ####...
 Summon Lightning Spire   Summ/Air       #.......     90%         4    ####...
 Throw Icicle             Conj/Ice       #.......     90%         4    ####...
 Bolt of Magma            Conj/Fire/Erth #.........   99%         5    ######.
 Iskenderun's Battlesphe  Conj/Chrm      #.......     99%         5    ######.
 Venom Bolt               Conj/Pois      #.........   99%         5    ######.
 Iron Shot                Conj/Erth      #.........   100%        6    #######
 Orb of Destruction       Conj           #.........   100%        7    #######
 Spellforged Servitor     Conj/Summ      #.........   100%        7    #######


Dungeon Overview and Level Annotations

Branches:
Dungeon (11/15)            Temple (1/1) D:5         Ossuary (visited)
 Bailey (visited)
   Lair: D:8-11         Orc: D:9-12

Altars:
Ashenzari
Cheibriados
Dithmenos
Elyvilon
Fedhas
Gozag
Hepliaklqana
Kikubaaqudgha
Makhleb
Nemelex Xobeh
Okawaru
Qazlal
Ru
Sif Muna
Trog
Uskayaw
Vehumet
Wu Jian
Xom
Yredelemnul
Zin
The Shining One
Beogh
Jiyva

Shops:
D:7 *   D:10 (

Annotations:
D:9 3 runed translucent doors, Arixos's ghost, novice VSVM


Innate Abilities, Weirdness & Mutations

You have razor-sharp teeth.
Your natural rate of healing is unusually fast.
When hurt, damage is shared between your health and your magic reserves.
Your bite disrupts and absorbs the magic of your enemies.
Potions cannot restore your health.
You are immune to rotting.


Message History

a +0 dagger; a +0 robe Something hits you but does no damage.
You see here a porcupine skeleton.
Something hits you.
You punch something! Something hits you!
* * * LOW HITPOINT WARNING * * *
Something hits you!
* * * LOW HITPOINT WARNING * * *
Blink to where?
Press: ? - help, Dir - move target cursor
As you read the scroll of blinking, it crumbles to dust.
Something hits you.
* * * LOW HITPOINT WARNING * * *
Blink to where?
Press: ? - help, Dir - move target cursor
As you read the scroll of blinking, it crumbles to dust.
Something hits you!
* * * LOW HITPOINT WARNING * * *
Something hits you.
You die...

####..##.....P #
#........PP... #.
#.##..#...PP..
#.##.##..#÷......
#.......§÷....P.P
###..#####)#..P..
##.#.## #....PPP
##{##..##
#.....PP
#@##..#.#
#......P
##)#.#.##
#..$.... ##...#
#....... ##.##
#....... #...#
#.%..... #...#
#######. #...# .
##.## . .# .


There were no monsters in sight!

Vanquished Creatures
  A two-headed ogre (D:11)
  Pikel (D:8)
  Joseph (D:7)
  A kobold demonologist (D:11)
  A troll (D:10)
  2 hornets
  A hippogriff (D:8)
  5 yaks (D:9)
  2 water moccasins
  Edmund (D:6)
  2 porcupines (D:11)
  2 slaves
  A hornet zombie (D:9)
  A phantom (D:6)
  3 ice beasts
  An orc warrior (D:6)
  A black bear (D:8)
  A sky beast (D:10)
  5 ogres
  2 centaurs
  A necrophage (D:6)
  An elf zombie (Ossuary)
  2 bullfrogs
  3 scorpions
  13 wights
  10 killer bees
  A howler monkey (D:8)
  A vampire bat (D:3)
  2 crimson imps
  2 quasits
  2 bullfrog zombies
  2 centaur zombies (Ossuary)
  4 hounds
  2 human zombies (Ossuary)
  4 orc wizards
  2 orc priests
  3 bullfrog skeletons
  3 centaur skeletons
  2 iguanas
  4 worker ants
  A big kobold zombie (Ossuary)
  3 hound skeletons
  2 mummies (Ossuary)
  Robin (D:2)
  4 worker ant zombies
  8 gnolls
  9 adders
  5 shadow imps
  2 adder zombies (D:8)
  2 worms (D:5)
  2 adder skeletons
  3 dart slugs
  5 leopard geckos
  30 orcs
  7 bats
  3 bat skeletons (D:3)
  4 bat zombies (D:3)
  12 giant cockroaches
  20 goblins
  9 hobgoblins
  10 kobolds
  2 quokkas
  4 ball pythons
  9 frilled lizards
  2 goblin zombies (Ossuary)
  8 hobgoblin zombies (Ossuary)
  2 jackal skeletons (D:5)
  A jackal zombie (Ossuary)
  15 kobold zombies (Ossuary)
  4 orc zombies (Ossuary)
  3 quokka skeletons (D:5)
  5 rats
  A rat zombie (Ossuary)
297 creatures vanquished.

Vanquished Creatures (others)
  A slave (D:8)
  A plant (D:11)
2 creatures vanquished.

Grand Total: 299 creatures vanquished

Notes
Turn   | Place    | Note
-------+----------+-------------------------------------------
     0 | D:1      | AlterAsc the Vine Stalker Transmuter began the quest for
                  | the Orb.
     0 | D:1      | Reached XP level 1. HP: 9/9 MP: 4/4
    49 | D:1      | Reached skill level 1 in Fighting
    91 | D:1      | Reached XP level 2. HP: 13/14 MP: 6/6
   687 | D:1      | Reached XP level 3. HP: 18/18 MP: 7/7
  1066 | D:2      | Found a sparkling altar of Nemelex Xobeh.
  1143 | D:2      | Found a sacrificial altar of Ru.
  1229 | D:2      | Noticed Robin
  1586 | D:1      | Gained mutation: Your natural rate of healing is unusually
                  | fast. [Vine Stalker growth]
  1586 | D:1      | Reached XP level 4. HP: 17/22 MP: 6/8
  1694 | D:2      | Learned a level 2 spell: Sticks to Snakes
  1776 | D:2      | Found an ornate altar of the Wu Jian Council.
  1880 | D:2      | Killed Robin
  2385 | D:3      | Reached skill level 4 in Unarmed Combat
  2458 | D:3      | Reached XP level 5. HP: 20/26 MP: 7/10
  2582 | D:3      | Found a burning altar of Makhleb.
  2727 | D:3      | Found an ancient bone altar of Kikubaaqudgha.
  2799 | D:4      | Reached XP level 6. HP: 24/30 MP: 9/11
  3041 | D:4      | Found a sand-covered staircase.
  3048 | Ossuary  | Entered an ossuary
  3093 | Ossuary  | Learned a level 5 spell: Blade Hands
  3252 | Ossuary  | Reached skill level 5 in Unarmed Combat
  3323 | Ossuary  | Reached XP level 7. HP: 34/35 MP: 13/13
  3613 | D:4      | Found a shimmering blue altar of Sif Muna.
  3655 | D:4      | Reached skill level 5 in Transmutations
  3806 | D:5      | Entered Level 5 of the Dungeon
  3903 | D:5      | Found a snail-covered altar of Cheibriados.
  3973 | D:5      | You fall into a shaft and drop 2 floors!
  3974 | D:7      | Found Gozag's Platinum Reserve.
  4034 | D:7      | Found an opulent altar of Gozag.
  4207 | D:5      | Gained mutation: You have razor-sharp teeth. [Vine Stalker
                  | growth]
  4207 | D:5      | Reached XP level 8. HP: 35/40 MP: 10/15
  4219 | D:5      | Reached skill level 6 in Unarmed Combat
  4428 | D:5      | Found a staircase to the Ecumenical Temple.
  4437 | Temple   | Entered the Ecumenical Temple
  4483 | Temple   | Became a worshipper of Ashenzari the Shackled
  4943 | D:6      | Found a glowing silver altar of Zin.
  5071 | D:6      | Noticed Edmund
  5076 | D:6      | Killed Edmund
  5155 | D:6      | Reached skill level 7 in Unarmed Combat
  5191 | D:6      | Reached XP level 9. HP: 31/45 MP: 12/17
  5307 | D:6      | Reached skill level 5 in Spellcasting
  5341 | D:6      | Found a hazy altar of Hepliaklqana.
  5342 | D:6      | Found a shimmering altar of Xom.
  5342 | D:6      | Noticed a thorn hunter
  5343 | D:6      | Noticed a spectral ugly thing
  5343 | D:6      | Noticed a thorn hunter
  5516 | D:6      | Found a hide-covered altar of Uskayaw.
  5641 | D:6      | Found a stormy altar of Qazlal.
  5642 | D:6      | Found a radiant altar of Vehumet.
  5892 | D:7      | Noticed Joseph
  6140 | D:7      | Killed Joseph
  6237 | D:8      | Reached skill level 8 in Unarmed Combat
  6296 | D:8      | Noticed Pikel
  6457 | D:8      | Killed Pikel
  6457 | D:8      | Reached skill level 5 in Fighting
  6478 | D:8      | Reached XP level 10. HP: 51/51 MP: 8/19
  6553 | D:8      | Found a flagged portal.
  6570 | Bailey   | Entered a bailey
  6892 | D:8      | Reached skill level 9 in Unarmed Combat
  6932 | D:8      | Reached * piety under Ashenzari
  7493 | D:9      | Got the cursed helmet of Paarchot {rElec Dex+3}
  7508 | D:9      | Identified the cursed +0 helmet of Paarchot {rElec Dex+3}
                  | (You found it on level 9 of the Dungeon)
  7590 | D:9      | Found a runed translucent gate.
  7591 | D:9      | Found a runed translucent gate.
  7591 | D:9      | Noticed Arixos's ghost (novice VSVM)
  7592 | D:9      | Found a runed translucent gate.
  7592 | D:9      | Identified the +6 broad axe "Vageveged" {chop, rElec Int+3
                  | SInv}
  7592 | D:9      | Identified the +9 plate armour of Experimentation {Regen+
                  | Int+2}
  7598 | D:9      | Found a roughly hewn altar of Beogh.
  7731 | D:9      | Reached skill level 10 in Unarmed Combat
  8248 | D:10     | Entered Level 10 of the Dungeon
  8255 | D:9      | Paralysed by a hornet for 2 turns
  8351 | D:10     | Reached XP level 11. HP: 58/58 MP: 13/21
  8525 | D:10     | Found Ockuism's Antique Weapon Boutique.
  8581 | D:10     | Paralysed by a hornet for 2 turns
  8584 | D:10     | Reached skill level 11 in Unarmed Combat
  8769 | D:11     | Noticed a two-headed ogre
  8776 | D:11     | Reached skill level 1 in Evocations
  8779 | D:11     | Killed a two-headed ogre
  8813 | D:11     | Noticed a sun demon
  8855 | D:11     | HP: 1/58 [something (9)]
  8856 | D:11     | Slain by an unseen horror

Levels and vault maps discovered:
D:1:      nicolae_arrival_memento_mori, layout_basic
D:2:      layout_rooms, lemuel_doored_altar, nicolae_overflow_crystal_walls,
          marbit_many_paths, first_ration, uniq_robin
D:3:      layout_loops_ring, makhleb_grotto_becter, kennysheep_vampire_church,
          minmay_misc_feat_diagonals
D:4:      layout_loops_cross, enter_ossuary_1, lemuel_statue_altar
D:5:      layout_cave_pods, cheibrodos_worm_habitat,
          minmay_temple_entry_sparse_star, cheibrodos_sewer_entry_bend,
          kennysheep_generic_room_8
D:6:      layout_loops_ring, regret_index_temple_of_mockery,
          eat_drink_and_be_merry_uskayaw, zin_scriptorium, minitemple,
          serial_bayou_pond_a, uniq_edmund
D:7:      layout_basic, nicolae_gozag_zags_fifth_avenue, uniq_joseph
D:8:      layout_basic, lightli_bailey_entry_fortress, minmay_misc_feat_room,
          uniq_pikel
D:9:      layout_loops_cross, biasface_ghost_orc_armoury
D:10:     layout_cave_pools, serial_shops, shop
D:11:     minmay_bloctagon, layout_loops_cross, grunt_lair_entry_orc_guard_hut,
          minmay_orc_entry_temple_small, blue_anna_alchemist
          [blue_anna_fruit_fields, blue_anna_fruit_fields]
Temple:   pf_slimified_temple

Skill      XL: |  1  2  3  4  5  6  7  8  9 10 11 |
---------------+----------------------------------+-----
Fighting       | 1 2 3 4 5 6 7 |  7.1
Transmutations | 3 4 5 6 8 9 |  9.0
Unarmed Combat | 4 5 7 8 10 11 | 11.3
Spellcasting   | 3 4 5 6 |  6.0
Evocations     | 1 |  1.9
Dodging        | |  1.7

Action                   |  1- 3 |  4- 6 |  7- 9 | 10-12 || total
-------------------------+-------+-------+-------+-------++-------
Melee: Unarmed           |   121 |   279 |   367 |   198 ||   965
       Bite              |    22 |    71 |   118 |    42 ||   253
       Kick              |    11 |    40 |    46 |       ||    97
       Headbutt          |     3 |     2 |       |       ||     5
       Punch             |     1 |     3 |    10 |     9 ||    23
 Cast: Beastly Appendage |    19 |    32 |    22 |       ||    73
       Sticks to Snakes  |       |     2 |     1 |       ||     3
       Blade Hands       |       |       |    10 |    29 ||    39
Invok: Curse Item        |       |       |       |     1 ||     1
  Use: Scroll            |       |     4 |     8 |     4 ||    16
       Potion            |       |       |     1 |       ||     1
 Stab: Distracted        |       |       |     1 |       ||     1
  Eat: Chunk             |     2 |     7 |    13 |    11 ||    33
       Ration            |       |       |     1 |     2 ||     3
Armor: Robe              |    30 |    20 |    28 |    19 ||    97
       Leather armour    |       |    74 |    53 |    31 ||   158
Dodge: Dodged            |    87 |   202 |   202 |   100 ||   591
       Deflected         |       |       |     9 |     1 ||    10
